Map: Last Fantasy LE

Players

VITRyung (Ryung) - Winner!

  • Race: Terran Terran
  • League: Master
  • Spawn Location: 12:00

OpTiMiStC

  • Race: Protoss Protoss
  • League: Master
  • Spawn Location: 7:00

Event: HomeStory Cup XXVII

VOD

Have the link to the VOD?

Description

Time

  • Played on: June 27, 2025, 7:42 a.m.
  • Length: 6:09

All games in this series

Show
View Real Time Build Order
Export as new Build Order

VITRyung Terran - Winner!

Build Orders: Cyclone Opening 

Get SALT Encoding   

  12  0:00  SCV  
  13  0:12  SCV  
  14  0:17  Supply Depot  
  14  0:24  SCV  
  15  0:39  Barracks, SCV  
  16  0:45  Refinery  
  16  0:51  SCV  
  16  0:54  Refinery  
  17  1:03  SCV  
  18  1:15  SCV  
  19  1:26  Reaper  
  19  1:27  Orbital Command  
  19  1:29  Supply Depot  
  20  1:43  Factory  
  20  1:53  SCV  
  21  1:58  Barracks Reactor  
  21  2:05  SCV  
  22  2:17  SCV  
  23  2:25  Command Center  
  23  2:29  Factory Tech Lab, SCV  
  24  2:34  Marine x2  
  26  2:37  Supply Depot  
  26  2:41  SCV  
  27  2:49  Cyclone  
  30  2:53  SCV  
  31  2:59  Starport  
  31  3:03  Marine  
  32  3:07  Marine  
  32  3:10  SCV  
  34  3:21  Cyclone  
  34  3:22  SCV  
  34  3:25  Marine  
  39  3:37  Marine, SCV, Medivac  
  43  3:49  SCV  
  43  3:53  Cyclone, Marine  
  43  3:55  Marine  
  49  3:58  Orbital Command  
  49  4:01  SCV  
  50  4:07  Viking  
  52  4:13  SCV  
  52  4:16  Marine  
  54  4:20  Supply Depot  
  54  4:28  Marine, SCV  
  54  4:29  Siege Tank  
  59  4:38  Marine, SCV  
  59  4:40  Viking, SCV  
  62  4:45  Marine  
  62  4:51  SCV  
  62  4:52  SCV  
  59  5:02  Cyclone  
  59  5:03  Barracks, SCV  
  59  5:04  SCV  
  59  5:05  Barracks, Marine  
  65  5:14  Viking  
  65  5:15  SCV  
  65  5:16  SCV  
  69  5:27  SCV  
  70  5:34  Marine  
  70  5:35  SCV  
  70  5:36  Marine  
  70  5:39  SCV  
  68  5:47  Refinery  
  68  5:49  Refinery, SCV  
  69  5:52  SCV  
Show
View Real Time Build Order
Export as new Build Order

OpTiMiStC Protoss 

Build Orders: 1 Gate Expand, Oracle Opening, Phoenix Opening 

Get SALT Encoding   

  12  0:00  Probe  
  13  0:12  Probe  
  14  0:18  Pylon  
  14  0:24  Probe  
  15  0:32  Probe  
  15  0:36  Gateway  
  15  0:40  Probe  
  16  0:45  Assimilator  
  17  0:51  Probe  
  18  1:04  Probe  
  19  1:18  Nexus  
  19  1:28  Cybernetics Core  
  19  1:32  Probe  
  20  1:38  Assimilator  
  20  1:44  Probe  
  21  1:51  Pylon  
  21  1:56  Probe  
  21  1:59  Adept  
  22  2:10  Probe  
  25  2:16  Stargate  
  25  2:22  Probe  
  26  2:25  Warp Gate  
  26  2:29  Probe  
  26  2:30  Adept  
  26  2:34  Probe  
  30  2:37  Probe  
  31  2:46  Probe x2  
  31  2:49  Oracle  
  33  2:58  Probe  
  34  3:05  Adept  
  39  3:06  Probe  
  39  3:10  Probe  
  41  3:18  Probe  
  42  3:24  Pylon  
  42  3:25  Probe  
  42  3:26  Twilight Council  
  43  3:30  Probe  
  44  3:38  Nexus  
  44  3:42  Phoenix  
  44  3:49  Probe x2  
  44  3:52  Charge  
  48  4:01  Probe x2  
  50  4:05  Gateway  
  50  4:16  Phoenix  
  50  4:17  Stalker  
  54  4:32  Pylon  
  54  4:33  Pylon  
  54  4:34  Pylon  
  54  4:36  Shield Battery  
  54  4:40  Probe  
  54  4:43  Stalker  
  46  4:58  Probe x2  
  46  5:00  Phoenix  
  46  5:01  Gateway  
  46  5:02  Gateway  
  46  5:03  Zealot  
  46  5:06  Zealot  
  49  5:10  Probe  
  52  5:19  Gateway  
  52  5:26  Zealot  
  52  5:27  Zealot  
  45  5:40  Probe x3  
  39  5:49  Zealot x2  
Tags
 
Add a new tag
Caveats
  • Supply blocks, unpowered buildings, or Contaminate may cause inaccurate times.
  • Supply counts are checked every 10 seconds.